 Dungeon Crawl Stone Soup version 0.24-a0-584-g9d6b971ae4 (webtiles) character file.

Game seed: 5220607437767985755, levelgen mode: deterministic

86 Eightlegvermin the Insei (level 4, -1/42 HPs)
             Began as an Octopode Transmuter on Aug 31, 2019.
             Slain by a bullfrog (4 damage)
             ... on level 3 of the Dungeon.
             The game lasted 00:05:03 (2336 turns).

Eightlegvermin the Insei (Octopode Transmuter)      Turns: 2336, Time: 00:05:03

Health: -1/42      AC: 22    Str:  9    XL:     4   Next: 50%
Magic:  5/7        EV:  2    Int: 15    God:
Gold:   157        SH:  0    Dex: 13    Spells: 1/7 levels left

rFire    . . .     SeeInvis .     - Unarmed
rCold    . . .     Gourm    .   (no shield)
rNeg     + + +     Faith    .   (helmet currently unavailable)
rPois    +         Spirit   .   (no amulet)
rElec    .         Reflect  .   (no ring)
rCorr    .         Harm     .   (no ring)
MR       .....     NoTele   +   (no ring)
Stlth    ++........             (no ring)
HPRegen  0.14/turn              (no ring)
MPRegen  0.10/turn              (no ring)
                                (no ring)
                                (no ring)

@: lethally poisoned (-1 -> -4), tree-form
A: almost no armour, stealthy swim, (amphibious), 8 rings, (constrict 8)
a: no special abilities


You were on level 3 of the Dungeon.
You were not hungry.
You were a tree.
You visited 1 branch of the dungeon, and saw 3 of its levels.

You collected 157 gold pieces.

Inventory:

Missiles
 a - 33 arrows
Scrolls
 d - 7 scrolls of identify {unknown}
 e - a scroll of fear {unknown}
 g - a scroll of amnesia {unknown}
 i - a scroll of remove curse {unknown}
 j - a scroll of fog {unknown}
 l - a scroll of enchant armour {unknown}
 n - a scroll of teleportation {unknown}
Potions
 b - a potion of curing {unknown}
 h - a potion of brilliance {unknown}
 k - a potion of flight
 m - a potion of might {unknown}
 o - a potion of haste {unknown}
Comestibles
 c - 4 rations


   Skills:
 - Level 1.0 Fighting
 - Level 2.0 Dodging
 - Level 3.0 Stealth
 + Level 3.6 Unarmed Combat
 - Level 2.0 Spellcasting
 * Level 2.8 Transmutations
 + Level 1.4 Poison Magic


You had one spell level left.
You knew the following spells:

 Your Spells              Type           Power        Failure   Level  Hunger
a - Beastly Appendage     Tmut           ##....       7%          1    #......
b - Sticks to Snakes      Tmut           ##......     11%         2    ###....
c - Spider Form           Tmut/Pois      #.........   26%         3    ###....

Your spell library contained the following spells:

 Spells                   Type           Power        Failure   Level  Hunger
 Ice Form                 Ice/Tmut       #.......     77%         4    #####..
 Blade Hands              Tmut           ##........   88%         5    ######.


Dungeon Overview and Level Annotations

Branches:
Dungeon (3/15)

Altars:


Innate Abilities, Weirdness & Mutations

You cannot wear most types of armour.
You are very stealthy in the water. (Stealth+)
((You are amphibious.))
You can wear up to eight rings at the same time.
((You can use your tentacles to constrict eight enemies at once.))
((Your skin changes colour to match your surroundings (Stealth+).))
((Your rubbery body absorbs attacks. (AC +1, EV +1)))


Message History

You feel sick.
The bullfrog snags a nearby moth with its tongue.
You see here an adder corpse.
You feel sick.
You hit the bullfrog.
The bullfrog is lightly wounded.
The bullfrog closely misses you.
You hit the bullfrog.
The bullfrog is moderately wounded.
Your transformation has ended.
You feel sick. The bullfrog hits you!
* * * LOW HITPOINT WARNING * * *
The bullfrog hits you!
* * * LOW HITPOINT WARNING * * *
It was a potion of flight.
You feel very buoyant.
You fly up into the air.
The bullfrog closely misses you.
It was a potion of lignification.
You turn into a tree.
Your roots penetrate the ground.
The bullfrog hits you.
You die...

.. ..# )..... #.
#.##..... #.##.##....
..#.##.(. #.
#.#.##S......# .#
#..##.#.##.##.#..####.#
#.......##.##.........#
# #..F♣..........#..#.#
# ######.###........#.#
###.#### #
#>###.#........
#..K%..#.##
#.....<.#>#..#
#...<.o.#
####......#..###
#.......# #.((......##.
#.##.##.#
##.#######.##. # #.# #
#)..# #.... #.# #...#
####.


You could see a bullfrog.

Vanquished Creatures
  2 adders
  An ooze (D:3)
  A worm (D:3)
  3 dart slugs
  3 leopard geckos
  3 orcs
  2 giant cockroaches (D:1)
  5 goblins
  2 hobgoblins
  2 jackals (D:1)
  A quokka (D:3)
  2 ball pythons
  7 bats
  3 frilled lizards
  8 kobolds
  6 rats
51 creatures vanquished.

Notes
Turn   | Place    | Note
-------+----------+-------------------------------------------
     0 | D:1      | Eightlegvermin the Octopode Transmuter began the quest for
                  | the Orb.
     0 | D:1      | Reached XP level 1. HP: 13/13 MP: 3/3
   253 | D:1      | Reached skill level 1 in Stealth
   253 | D:1      | Reached XP level 2. HP: 16/18 MP: 3/5
   872 | D:1      | Reached XP level 3. HP: 21/23 MP: 4/6
  1108 | D:1      | Learned a level 2 spell: Sticks to Snakes
  1112 | D:1      | Learned a level 3 spell: Spider Form
  1551 | D:2      | Found a faded altar of an unknown god.
  1822 | D:2      | Reached skill level 1 in Poison Magic
  1933 | D:2      | Reached XP level 4. HP: 28/28 MP: 5/7
  2328 | D:3      | Noticed a bullfrog
  2334 | D:3      | HP: 1/28 [bullfrog (7)]
  2336 | D:3      | Slain by a bullfrog

Levels and vault maps discovered:
D:1:      giann_horns, layout_basic
D:2:      layout_basic, chequers_ecumenical_altar_simple,
          minmay_stone_trees_small, hex_tiny, chequers_serial_rivers_marsh,
          hex_large
D:3:      layout_loops_cross

Skill      XL: |  1  2  3 |
---------------+----------+-----
Stealth        | 1 2 3 |  3.0
Poison Magic   | 1 |  1.4
Fighting       | |  1.0
Dodging        | |  2.0
Unarmed Combat | |  3.6
Spellcasting   | |  2.0
Transmutations | |  2.8

Action                   |  1- 3 |  4- 6 || total
-------------------------+-------+-------++-------
Melee: Unarmed           |    78 |    19 ||    97
       Constrict         |    22 |     5 ||    27
       Kick              |    18 |     3 ||    21
       Tentacles         |    10 |     4 ||    14
       Punch             |     2 |       ||     2
 Cast: Beastly Appendage |    26 |     6 ||    32
       Spider Form       |       |     1 ||     1
  Use: Potion            |       |     2 ||     2
 Stab: Sleeping          |    15 |     3 ||    18
  Eat: Chunk             |     4 |     1 ||     5
Armor: Skin              |     9 |     2 ||    11
Dodge: Dodged            |    33 |     7 ||    40

Table legend:
 A = Non-vault XP
 B = Vault XP
 C = Vault XP percentage of total XP
 D = Non-vault monster count
 E = Vault monster count
 F = Vault count percentage of total count
                 A         B        C        D         E       F
            +---------+---------+-------+---------+---------+-------
      Total |     124 |       0 |   0.0 |      51 |       0 |   0.0
            +---------+---------+-------+---------+---------+-------
        D:1 |      40 |       0 |   0.0 |      25 |       0 |   0.0
        D:2 |      47 |       0 |   0.0 |      17 |       0 |   0.0
        D:3 |      37 |       0 |   0.0 |       9 |       0 |   0.0
            +---------+---------+-------+---------+---------+-------
